 Dungeon Crawl Stone Soup version 0.26.1-11-gd32895ea62 (webtiles) character file.

Game seed: 16921325136010265849

18594 Amplified the Fighter (level 12, -3/77 HPs)
             Began as a Deep Elf Artificer on Apr 14, 2021.
             Was a High Priest of Ashenzari.
             Killed from afar by a rime drake (27 damage)
             ... with a flash freeze
             ... on level 3 of the Lair of Beasts.
             The game lasted 00:27:39 (19974 turns).

Amplified the Fighter (Deep Elf Artificer)         Turns: 19974, Time: 00:27:39

Health: -3/77      AC: 11    Str: 10    XL:     12   Next: 29%
Magic:  24/24      EV: 29    Int: 21    God:    Ashenzari [*****.]
Gold:   565        SH:  9    Dex: 15    Spells: 22/25 levels left

rFire    . . .     SeeInvis +   i - +2 broad axe (flame) (curse)
rCold    . . .     Faith    .   w - +3 buckler (curse)
rNeg     . . .     Spirit   .   C - +0 acid dragon scales (curse)
rPois    +         Reflect  .   g - +1 hat (curse)
rElec    .         Harm     .   h - +0 cloak
rCorr    +         Rampage  .   b - +0 pair of gloves (curse)
Will     +....     Clarity  +   r - +1 pair of boots (curse)
Stlth    ++++......             v - amulet of the acrobat (curse)
HPRegen  0.22/turn              c - ring of poison resistance (curse)
MPRegen  0.19/turn              B - +4 ring of slaying (curse)

@: acrobat
A: talons 1, mutation resistance 1
a: Renounce Religion, Curse Item, Scrying, Transfer Knowledge


You were on level 3 of the Lair of Beasts.
You worshipped Ashenzari.
Ashenzari was extremely pleased with you.
You visited 2 branches of the dungeon, and saw 15 of its levels.

You collected 818 gold pieces.
You spent 253 gold pieces at shops.

Inventory:

Hand Weapons
 i - a cursed +2 broad axe of flaming (weapon)
 l - a +3 dagger of speed
 D - a +2 dagger of flaming
Missiles
 t - 22 poisoned darts
 u - 2 datura-tipped darts
 y - 7 curare-tipped darts (quivered)
Armour
 b - a cursed +0 pair of gloves (worn)
 g - a cursed +1 hat (worn)
 h - a +0 cloak (worn)
 r - a cursed +1 pair of boots (worn)
 w - a cursed +3 buckler (worn)
 C - cursed +0 acid dragon scales (worn)
Jewellery
 c - a cursed ring of poison resistance (left hand)
 d - an uncursed ring of fire
 j - an uncursed amulet of faith
 p - an uncursed ring of protection from fire
 v - a cursed amulet of the acrobat (around neck)
 B - a cursed +4 ring of slaying (right hand)
Wands
 e - a wand of enslavement (6)
 x - a wand of digging (4)
 G - a wand of random effects (1)
Scrolls
 f - 3 scrolls of remove curse
 m - 4 scrolls of teleportation
 F - a scroll of identify
Potions
 n - 3 potions of curing
 o - 2 potions of cancellation
 q - a potion of lignification
 s - a potion of ambrosia
 z - a potion of haste
 A - a potion of magic
 E - a potion of resistance


   Skills:
 * Level 10.2 Fighting
 - Level 5.3 Short Blades
 * Level 9.2(13.0) Axes
 - Level 1.4 Armour
 - Level 3.1(5.4) Dodging
 - Level 7.2(9.9) Stealth
 - Level 3.9(6.4) Shields
 - Level 7.0 Spellcasting
 - Level 7.3(11.3) Evocations


You had 22 spell levels left.
You knew the following spells:

 Your Spells              Type           Power        Failure   Level
a - Mephitic Cloud        Conj/Pois/Air  9%           32%         3

Your spell library contained the following spells:

 Spells                   Type           Power        Failure   Level
 Animate Skeleton         Necr           18%          11%         1
 Apportation              Tloc           18%          11%         1
 Corona                   Hex            10%          11%         1
 Sting                    Tmut/Pois      36%          11%         1
 Summon Small Mammal      Summ           36%          11%         1
 Call Imp                 Summ           9%           17%         2
 Poisonous Vapours        Pois/Air       18%          17%         2
 Slow                     Hex            9%           17%         2
 Call Canine Familiar     Summ           9%           32%         3
 Confusing Touch          Hex            9%           32%         3
 Gell's Gravitas          Tloc           4%           32%         3
 Ignite Poison            Fire/Tmut/Pois 9%           32%         3
 Inner Flame              Hex/Fire       9%           32%         3
 Portal Projectile        Hex/Tloc       18%          32%         3
 Summon Guardian Golem    Hex/Summ       9%           32%         3
 Cause Fear               Hex            4%           73%         4
 Leda's Liquefaction      Hex/Erth       4%           73%         4
 Olgreb's Toxic Radiance  Pois           9%           73%         4
 Petrify                  Tmut/Erth      9%           73%         4
 Summon Ice Beast         Ice/Summ       9%           73%         4
 Summon Lightning Spire   Summ/Air       9%           73%         4
 Metabolic Englaciation   Hex/Ice        4%           97%         5
 Silence                  Hex/Air        4%           97%         5
 Yara's Violent Unravell  Hex/Tmut       4%           97%         5
 Discord                  Hex            4%           100%        8


Dungeon Overview and Level Annotations

Branches:
Dungeon (12/15)            Temple (0/1) D:6            Lair (2/6) D:8
  Snake (0/4) Lair:2          Orc (0/2) D:12
  Swamp: Lair:2-4    Shoals: Lair:2-4

Altars:
Ashenzari
Elyvilon
Makhleb
Okawaru
Qazlal
Ru
Sif Muna
Xom
Yredelemnul

Shops:
D:10 !   D:11 :

Annotations:
D:8 Prince Ribbit
D:12 Psyche


Innate Abilities, Weirdness & Mutations

You have sharp toenails.
You are somewhat resistant to further mutation.


Message History

g - Guard the area. f - Follow me.
Anything else - Cancel.
Follow me!
Okay, then.
Unknown command.
What are your orders? t - Shout!
Orders for allies: a - Attack new target. p - Attack previous target. r - Retreat! s - Stop attacking. g - Guard the area. f - Follow me.
Anything else - Cancel.
Retreat in which direction?
Press: ? - help, Dir - move target, p - rime drake Fall back!
The ice encasing you melts away.
You start resting.
The rime drake is no longer charmed.
The rime drake breathes ice at you. The flash freeze hits you!!
You die...

, , ,,,, * , *
,, ,, ,* ..#
..... ,, , , ,
...##...#* * ,
,........#* **
,, .........
,,, , ........#
, ,,...
........# ,,
,............##
, ..........@P#
,,,
,#....#...k##
*, ,,*
#.#####..# , ,*
#..P###..# *,
,*#....##..# ,
, #........# *,
#...#.#..## * ,
*####.##...#
,,,,,
,#..#....#


You could see a rime drake (catching breath).

Vanquished Creatures
  Gastronok (Lair:1)
  2 hydras
  Harold (D:7)
  A catoblepas (Lair:1)
  A two-headed ogre (D:8)
  Nergalle (D:10)
  3 unseen horrors
  2 black mambas (Lair:1)
  A cane toad (Lair:1)
  Maggie (D:7)
  A komodo dragon (Lair:2)
  4 orc warriors
  2 trolls
  A shadow (D:11)
  13 yaks (D:11)
  2 wraiths
  A wyvern (D:11)
  Grum (Lair:1)
  A soldier ant (D:11)
  Duvessa (D:7)
  4 water moccasins
  A hornet zombie (D:6)
  4 ice beasts
  A sky beast (D:7)
  2 phantoms
  A necrophage (D:5)
  5 ogres
  7 wolves
  4 centaurs
  22 bullfrogs
  3 scorpions
  Dowan (D:7)
  2 troll zombies (D:12)
  5 killer bees (D:10)
  15 wights
  5 howler monkeys
  A quasit (D:7)
  A hound (D:9)
  5 orc priests
  8 orc wizards
  2 centaur zombies
  A jelly (D:11)
  A bullfrog skeleton (D:8)
  2 centaur skeletons
  2 gnoll shamans
  2 iguanas
  8 worker ants
  2 ogre zombies (D:12)
  3 worker ant zombies (D:11)
  8 gnolls
  11 adders
  A howler monkey skeleton (D:5)
  A shadow imp (D:10)
  6 white imps
  3 oozes
  2 adder skeletons
  2 dart slugs (D:1)
  A worm (D:2)
  10 leopard geckos
  33 orcs
  A ball python (D:6)
  8 bats
  8 giant cockroaches
  10 goblins
  3 hobgoblins
  15 jackals
  3 quokkas
  7 frilled lizards
  A goblin skeleton (D:12)
  2 goblin zombies (D:12)
  A hobgoblin skeleton (D:12)
  2 hobgoblin zombies (D:12)
  A jackal zombie (D:7)
  4 kobolds
  4 orc skeletons (D:12)
  5 orc zombies (D:12)
  A quokka zombie (D:7)
  6 rats
321 creatures vanquished.

Vanquished Creatures (collateral kills)
  Menkaure (D:7)
  2 bullfrogs
  4 orc wizards
  2 orc priests
  An iguana (D:8)
  A worker ant (D:4)
  5 orcs
16 creatures vanquished.

Vanquished Creatures (others)
  A water moccasin (Lair:1)
  A bullfrog (D:6)
  A killer bee (D:10)
  A jelly (D:4)
  2 orc wizards (D:4)
  A gnoll (D:6)
  A white imp (D:9)
  2 fungi (Lair:2)
  13 plants
23 creatures vanquished.

Grand Total: 360 creatures vanquished

Notes
Turn   | Place    | Note
-------+----------+-------------------------------------------
     0 | D:1      | Amplified the Deep Elf Artificer began the quest for the
                  | Orb.
     0 | D:1      | Reached XP level 1. HP: 11/11 MP: 3/3
   360 | D:1      | Reached skill level 1 in Fighting
   360 | D:1      | Reached skill level 1 in Armour
   796 | D:1      | Found a broken altar of Ashenzari.
   813 | D:1      | Became a worshipper of Ashenzari the Shackled
   946 | D:1      | Reached XP level 2. HP: 12/14 MP: 4/4
  1689 | D:2      | Reached skill level 1 in Spellcasting
  1843 | D:2      | Reached XP level 3. HP: 10/20 MP: 6/6
  2979 | D:3      | Reached XP level 4. HP: 25/25 MP: 8/8
  3627 | D:3      | Reached * piety under Ashenzari
  3633 | D:3      | Found a faded altar of an unknown god.
  3643 | D:3      | Reached skill level 1 in Short Blades
  4032 | D:4      | Reached XP level 5. HP: 16/29 MP: 10/10
  4476 | D:4      | Noticed an ogre
  4494 | D:4      | Killed an ogre
  4495 | D:4      | Reached skill level 2 in Fighting
  4495 | D:4      | Reached skill level 1 in Shields
  4839 | D:4      | Reached XP level 6. HP: 31/35 MP: 12/12
  5439 | D:5      | Entered Level 5 of the Dungeon
  5439 | D:5      | Found a shimmering altar of Xom.
  5439 | D:5      | Found a white marble altar of Elyvilon.
  5914 | D:5      | Found a basalt altar of Yredelemnul.
  5918 | D:5      | Found an iron altar of Okawaru.
  6515 | D:5      | Reached ** piety under Ashenzari
  6588 | D:5      | Reached XP level 7. HP: 37/40 MP: 14/14
  7128 | D:6      | Found a staircase to the Ecumenical Temple.
  7597 | D:6      | Reached skill level 5 in Evocations
  7998 | D:6      | Reached skill level 3 in Fighting
  8289 | D:7      | Reached skill level 5 in Stealth
  8289 | D:7      | Reached XP level 8. HP: 46/46 MP: 17/17
  8316 | D:7      | Noticed Harold
  8322 | D:7      | Killed Harold
  8323 | D:7      | Reached skill level 5 in Spellcasting
  9164 | D:7      | Reached XP level 9. HP: 45/52 MP: 20/20
  9464 | D:7      | Reached skill level 4 in Fighting
  9472 | D:7      | Noticed Menkaure
  9478 | D:7      | Killed Menkaure
  9763 | D:7      | Noticed Duvessa
  9763 | D:7      | Noticed Dowan
  9782 | D:7      | Killed Dowan
  9785 | D:7      | Killed Duvessa
  9956 | D:7      | Reached skill level 5 in Short Blades
 10251 | D:7      | Noticed Maggie
 10264 | D:7      | Killed Maggie
 10457 | D:8      | Found a stormy altar of Qazlal.
 10598 | D:7      | Reached skill level 1 in Axes
 10796 | D:8      | Noticed Prince Ribbit
 10954 | D:8      | Reached skill level 5 in Fighting
 11154 | D:8      | Noticed a two-headed ogre
 11425 | D:9      | Reached XP level 10. HP: 43/59 MP: 22/22
 11599 | D:9      | Reached *** piety under Ashenzari
 13020 | D:8      | Reached skill level 6 in Fighting
 13096 | D:8      | Found a shimmering blue altar of Sif Muna.
 13105 | D:8      | Found a burning altar of Makhleb.
 13201 | D:8      | Killed a two-headed ogre
 13229 | D:8      | HP: 2/61 [ogre/+0 giant spiked club (14)]
 13468 | D:8      | Found a staircase to the Lair.
 13659 | D:10     | Entered Level 10 of the Dungeon
 13732 | D:10     | Learned a level 3 spell: Mephitic Cloud
 13736 | D:10     | Noticed Nergalle
 13971 | D:10     | Killed Nergalle
 13972 | D:10     | Reached skill level 7 in Fighting
 13972 | D:10     | Reached skill level 5 in Axes
 14263 | D:10     | Noticed a two-headed ogre
 14291 | D:10     | Found Zuenup's Distillery.
 14546 | D:10     | Bought a potion of curing for 33 gold pieces
 14546 | D:10     | Bought a potion of heal wounds for 55 gold pieces
 14546 | D:10     | Bought a potion of might for 44 gold pieces
 14546 | D:10     | Bought a potion of curing for 33 gold pieces
 14546 | D:10     | Bought a potion of invisibility for 88 gold pieces
 14725 | D:10     | Reached XP level 11. HP: 33/67 MP: 23/23
 14952 | D:10     | Noticed an unseen horror
 15024 | D:10     | Killed an unseen horror
 15309 | D:11     | Reached **** piety under Ashenzari
 15402 | D:11     | Found a shimmering blue altar of Sif Muna.
 15504 | D:11     | Reached skill level 8 in Fighting
 15578 | D:11     | Noticed an unseen horror
 15595 | D:11     | Killed an unseen horror
 15604 | D:11     | Gained mutation: You have sharp toenails. [potion of
                  | mutation]
 15604 | D:11     | Gained mutation: You are somewhat resistant to further
                  | mutation. [potion of mutation]
 15989 | D:11     | Noticed an unseen horror
 16001 | D:11     | Killed an unseen horror
 16206 | D:11     | Found a sacrificial altar of Ru.
 16431 | D:11     | Found Itusue's Book Emporium.
 16485 | D:11     | Reached skill level 9 in Fighting
 17464 | D:12     | Noticed Psyche
 17523 | D:12     | Found a staircase to the Orcish Mines.
 18101 | Lair:1   | Entered Level 1 of the Lair of Beasts
 18101 | Lair:1   | Noticed Gastronok
 18136 | Lair:1   | Killed Gastronok
 18308 | Lair:1   | Noticed Grum
 18516 | Lair:1   | Noticed a catoblepas
 18531 | Lair:1   | Killed a catoblepas
 18532 | Lair:1   | Reached XP level 12. HP: 34/77 MP: 24/24
 18978 | Lair:1   | Reached ***** piety under Ashenzari
 19020 | Lair:1   | Noticed a seven-headed hydra
 19031 | Lair:1   | Killed a one-headed hydra
 19318 | Lair:1   | Killed Grum
 19319 | Lair:1   | Reached skill level 10 in Fighting
 19656 | Lair:2   | Noticed a five-headed hydra
 19693 | Lair:2   | Killed a one-headed hydra
 19872 | Lair:2   | Found a staircase to the Snake Pit.
 19898 | Lair:2   | Noticed a boulder beetle
 19905 | Lair:2   | You fall into a shaft and drop 1 floor!
 19974 | Lair:3   | Killed from afar by a rime drake

Illustrated notes

Levels and vault maps discovered:
D:1:      lemuel_arrival_behind_the_door_large, layout_loops_corners,
          hex_medium, st_stairs_7, evilmike_ruin_ashenzari
D:2:      layout_rooms, minmay_misc_feat_plants
D:3:      layout_rooms, chequers_ecumenical_altar_simple, minivault_14
D:4:      layout_basic, kennysheep_doodads, minmay_misc_feat_enclosed,
          minmay_ruptured
D:5:      layout_basic, grunt_temple_overflow_open
D:6:      layout_basic, minmay_temple_entry_trees
D:7:      layout_gridville, kennysheep_crisscross, uniq_harold, uniq_duvessa,
          uniq_menkaure, uniq_maggie
D:8:      minmay_ornate_pinched, layout_cave_pools,
          gammafunk_temple_overflow_forgotten, lair_entry_dummy,
          minmay_misc_feat_alley, uniq_prince_ribbit1
D:9:      layout_irregular_city
D:10:     layout_small_grid, serial_shops, shop, uniq_nergalle
D:11:     layout_gridville, serial_shops, shop, basic_altar,
          nicolae_ru_awakened_eye
D:12:     layout_loops_ring, zombieorc2_lemuel, serial_rivers,
          chequers_serial_rivers_micro_b, chequers_serial_rivers_small_a,
          chequers_serial_rivers_micro_c, chequers_serial_rivers_small_b,
          chequers_serial_rivers_room_b, chequers_serial_rivers_large_b,
          uniq_psyche
Lair:1:   layout_chaotic_city, uniq_gastronok, uniq_grum
Lair:2:   layout_cave_pods, dummy_snake_entry, minivault_24
Lair:3:   dragon1_lemuel, layout_regular_city, minmay_swamp_entry_worms,
          serial_bayou_pond_c, serial_bayou_lake_a

Skill      XL: |  1  2  3  4  5  6  7  8  9 10 11 12 |
---------------+-------------------------------------+-----
Fighting       | 1 2 3 5 7 9 10 | 10.2
Armour         | 1 |  1.4
Spellcasting   | 1 2 3 4 6 7 |  7.0
Stealth        | 2 3 5 6 7 |  7.2
Dodging        | 3 |  3.1
Short Blades   | 1 2 3 4 5 |  5.3
Evocations     | 4 5 6 7 |  7.3
Shields        | 1 2 3 |  3.9
Axes           | 2 5 8 9 |  9.2

Action                   |  1- 3 |  4- 6 |  7- 9 | 10-12 || total
-------------------------+-------+-------+-------+-------++-------
Melee: Club              |    14 |       |       |       ||    14
       Hand axe          |    16 |       |       |       ||    16
       Dagger            |    84 |   304 |   294 |       ||   682
       Broad axe         |       |       |    90 |   556 ||   646
Throw: Throwing net      |       |       |     4 |       ||     4
       Dart              |       |       |       |    10 ||    10
 Cast: Mephitic Cloud    |       |       |       |     3 ||     3
Invok: Curse Item        |       |     3 |     4 |     4 ||    11
Evoke: Wand              |     6 |    28 |    31 |    26 ||    91
  Use: Scroll            |     6 |     2 |     7 |     9 ||    24
       Potion            |       |     5 |     4 |    14 ||    23
 Stab: Sleeping          |     6 |     5 |    15 |     9 ||    35
       Paralysed         |       |     2 |    11 |       ||    13
       Distracted        |       |     1 |     1 |     2 ||     4
       Held in net/web   |       |       |     4 |       ||     4
       Invisible         |       |       |       |     2 ||     2
       Confused          |       |       |       |     4 ||     4
Armor: Leather armour    |    21 |    36 |    21 |       ||    78
       Acid dragon scale |       |       |    27 |   140 ||   167
       Skin              |       |       |       |     4 ||     4
Dodge: Dodged            |    63 |   109 |   141 |   330 ||   643
Block: Buckler           |       |    48 |   102 |   220 ||   370
